 Dungeon Crawl Stone Soup version 0.17-a0-2208-ge5ab1d3 (webtiles) character file.

26257 4thArraOfDagon the Severer (level 12, 54/116 HPs)
             Began as a Deep Dwarf Berserker on Oct 26, 2015.
             Was a High Priest of Trog.
             Quit the game on level 8 of the Lair of Beasts.
             The game lasted 00:36:22 (4982 turns).

4thArraOfDagon the Severer (Deep Dwarf Berserker)   Turns: 4982, Time: 00:36:22

Health: 54/116     AC: 18    Str: 27    XL:     12   Next: 96%
Magic:  20/20      EV: 11    Int:  7    God:    Trog [*****.]
Gold:   465        SH:  0    Dex: 15    Spells: 0 memorised, 11 levels left

rFire  . . .     SeeInvis .     t - +7 hand axe "Joxaneid" {chop, rC+ rN++ Dex+3}
rCold  + . .     Rnd*Rage +     G - +0 plate armour
rNeg   + + .     SustAt   .     (no shield)
rPois  .         Gourm    +     D - +0 helmet
rElec  .         Spirit   .     (no cloak)
rCorr  .         Warding  .     (no gloves)
rMut   .         Stasis   .     (no boots)
MR     ++...                    e - amulet of the gourmand
Stlth  ..........               a - +2 ring of evasion
                                h - +2 ring of protection

@: non-regenerating, very resistant to hostile enchantments, extremely
unstealthy
A: damage resistance, recharge devices, berserk 1, magic resistance 1, sense
surroundings 2, slow regeneration 3
a: Device Recharging, Berserk, Trog's Hand, Brothers in Arms, Burn Spellbooks,
Renounce Religion


You were on level 8 of the Lair of Beasts.
You worshipped Trog.
Trog was extremely pleased with you.
You were very full.

You visited 3 branches of the dungeon, and saw 25 of its levels.

You collected 1206 gold pieces.
You spent 741 gold pieces at shops.

Inventory:

Hand Weapons
 o - a +1 war axe
 t - the +7 hand axe "Joxaneid" (weapon) {chop, rC+ rN++ Dex+3}
   (You bought it in a shop on level 4 of the Orcish Mines)

   It inflicts extra damage upon your enemies.
   It affects your dexterity (+3).
   It protects you from cold.
   It greatly protects you from negative energy.
 u - a +0 blowgun
 A - a +2 battleaxe of chopping
 F - a +2 battleaxe
 H - a +0 club
 Q - the +3 great mace of Dotamini {crush, +Inv rF+ rC-}
   (You found it on level 5 of the Lair of Beasts)

   It inflicts extra damage upon your enemies.
   It protects you from fire.
   It makes you vulnerable to cold.
   It lets you turn invisible.
Missiles
 f - 12 javelins
 r - 4 steel tomahawks (quivered)
 s - 2 throwing nets
 v - 11 curare-tipped needles
Armour
 p - a +2 shield of protection
 D - a +0 helmet (worn)
 G - a +0 plate armour (worn)
Magical Staves
 C - an uncursed staff of air {unknown}
Jewellery
 a - a +2 ring of evasion (right hand)
 e - an amulet of the gourmand (around neck)
 h - a +2 ring of protection (left hand)
Wands
 b - a wand of confusion (23)
 c - a wand of heal wounds (2)
 i - a wand of confusion (9)
 w - a wand of teleportation (0)
 N - a wand of draining (7)
 U - a wand of paralysis (8)
Scrolls
 g - 2 scrolls of remove curse
 j - 2 scrolls of enchant armour
 z - a scroll of magic mapping
 K - a scroll of noise {unknown}
 L - 5 scrolls of teleportation
 O - a scroll of enchant weapon
 R - a scroll of random uselessness {unknown}
 T - a scroll of silence {unknown}
Potions
 l - a potion of berserk rage {unknown}
 q - a potion of ambrosia
 x - 5 potions of curing {unknown}
 B - a potion of haste
 E - a potion of cure mutation
 I - 2 potions of heal wounds
 J - a potion of poison {unknown}
 M - a potion of brilliance {unknown}
 P - a potion of might
 S - a potion of cancellation {unknown}
Books
 n - a book of Hinderance

   Spells                             Type                      Level
   a - Confusing Touch                Hexes                        2
   b - Confuse                        Hexes                        3
   c - Gell's Gravitas                Hexes/Translocation          3
   d - Petrify                        Transmutation/Earth          4
   e - Metabolic Englaciation         Hexes/Ice                    5
   Trog disapproves of the use of such an item.
 y - a book of Minor Magic

   Spells                             Type                      Level
   a - Magic Dart                     Conjuration                  1
   b - Blink                          Translocation                2
   c - Call Imp                       Summoning                    2
   d - Repel Missiles                 Charms/Air                   2
   e - Slow                           Hexes                        2
   f - Conjure Flame                  Conjuration/Fire             3
   g - Mephitic Cloud                 Conjuration/Poison/Air       3
   Trog disapproves of the use of such an item.
Comestibles
 d - 12 bread rations
 k - a meat ration
 m - a royal jelly


   Skills:
 + Level 9.7 Fighting
 * Level 15.4 Axes
 + Level 11.6 Armour
 - Level 2.1 Dodging
 + Level 10.7 Evocations


You had 11 spell levels left.
You didn't know any spells.

Dungeon Overview and Level Annotations

Branches:
Dungeon (13/15)            Temple (0/1) D:6            Lair (8/8) D:11
 Shoals (0/4) Lair:5          Orc (4/4) D:10
  Snake: Lair:3-6    Spider: Lair:3-6     Slime: Lair:6-8       Elf: Orc:3-4
 Vaults: D:13-14

Altars:
Cheibriados
Ru
Sif Muna
Vehumet
Xom
Zin

Shops:
D:9 }   Orc:3 !   Orc:4 [}((:

Annotations:
D:11 LAIR?
D:13 VAULTS
Lair:1 exclusion: upstairs


Innate Abilities, Weirdness & Mutations

You are resistant to damage.
You can recharge devices by infusing magical energy.
You passively map the area around you.
You do not regenerate naturally.
You tend to lose your temper in combat.
You are resistant to hostile enchantments.


Message History

You see here a chunk of flesh.
Eat a chunk of flesh? (ye/n/q/i?) This raw flesh tastes great.
You feel the effects of Trog's Hand fading.
You continue eating. x2
Your skin stops crawling.
You feel less resistant to hostile enchantments.
Your skin crawls.
You feel resistant to hostile enchantments.
You feel slightly less full.
You feel yourself speed up.
Things that are here:
a wasp corpse; a worker ant corpse You see here an adder corpse.
You see here a trident.
You feel less exhausted.
You feel the effects of Trog's Hand fading.
Your skin stops crawling.
You feel less resistant to hostile enchantments.
Are you sure you want to abandon this character and quit the game? (Confirm with "yes".)

** *,* ##* ### * * , * #.#####.##
, * ** * , , * , .....#.....#,, *
≈ , , ...........# * ,
,..........# #.. ,. * , ...
....PPP..# #.#.# *.#, * , .....
#..PP.@.# .##.###.,# ,
....P##...##..♣...#P.#.#.#
*.....PP..........♣.♣.....P##
#.....P......PP..P♣♣≈≈♣P.♣.♣, * .
#.....P......P...#.(♣≈†...♣ ,
.##.....P.....P...#♣.#P.♣P♣ *
P#.....PP#.....PP.# *♣.♣.♣* *
.#......P.......PP####.P#########
...P.............PP..............


There were no monsters in sight!

Vanquished Creatures
  A hydra (Lair:8)
  Erolcha (Orc:1)
  2 tengu warriors
  An orc high priest (Orc:4)
  Sonja (Orc:2)
  Nergalle (Orc:2)
  An unseen horror (D:12)
  Pikel (D:8)
  An ugly thing (D:12)
  2 cyclopes
  A manticore (D:13)
  2 orc sorcerers (Orc:4)
  A centaur zombie (D:12)
  8 spiny frogs
  2 black mambas
  A gargoyle (D:12)
  A troll (D:10)
  2 two-headed ogres
  A slime creature (D:9)
  3 blink frogs (Lair:4)
  A spriggan (D:10)
  2 deep elf magi
  A wyvern (D:12)
  A shadow (D:12)
  14 yaks
  2 hippogriffs
  2 wolves
  A basilisk (Lair:3)
  4 hungry ghosts
  A soldier ant (Lair:8)
  7 water moccasins
  A sky beast (D:5)
  3 porcupines (Lair:3)
  A black bear (D:12)
  9 ogres
  A wasp (Lair:8)
  14 orc warriors
  A necrophage (D:10)
  A phantom (D:9)
  8 crocodiles
  6 big kobolds
  2 gnoll sergeants (D:10)
  10 giant frogs
  A scorpion (D:9)
  8 wights
  3 electric eels
  7 killer bees
  A crimson imp (D:11)
  2 giant frog zombies
  6 hounds
  8 jellies
  27 orc wizards
  2 centaur skeletons
  A giant frog skeleton (D:12)
  25 orc priests
  5 worker ants
  4 sheep (D:13)
  A hound skeleton (D:5)
  3 gnolls (D:10)
  A worker ant zombie (D:9)
  7 adders
  23 river rats
  A shadow imp (D:9)
  15 oozes (D:9)
  2 giant geckos
  97 orcs
  3 giant cockroaches
  2 goblins
  A hobgoblin (D:2)
  6 jackals
  8 kobolds
  A quokka (D:10)
  2 bats (D:2)
  2 giant newts
  A quokka zombie (D:5)
  2 rats
  A fungus (Lair:8)
406 creatures vanquished.

Vanquished Creatures (collateral kills)
  An ice dragon (D:12)
1 creature vanquished.

Vanquished Creatures (others)
  A sky beast (D:9)
  A slave (D:8)
  6 fungi
8 creatures vanquished.

Grand Total: 415 creatures vanquished

Notes
Turn   | Place    | Note
--------------------------------------------------------------
     0 | D:1      | 4thArraOfDagon the Deep Dwarf Berserker began the quest for the Orb.
     0 | D:1      | Reached XP level 1. HP: 20/20 MP: 1/1
    98 | D:2      | Found a faded altar to an unknown god.
   127 | D:2      | Reached XP level 2. HP: 25/28 MP: 2/2
   227 | D:3      | Reached skill level 4 in Axes
   345 | D:5      | Entered Level 5 of the Dungeon
   371 | D:5      | Reached XP level 3. HP: 17/34 MP: 3/3
   383 | D:5      | Reached XP level 4. HP: 9/42 MP: 4/4
   445 | D:5      | Noticed a sky beast
   445 | D:5      | Noticed an ogre
   460 | D:5      | Noticed an ogre
   477 | D:5      | Killed an ogre
   477 | D:5      | Reached skill level 5 in Axes
   477 | D:5      | Reached XP level 5. HP: 24/49 MP: 5/5
   499 | D:5      | Reached ** piety under Trog
   581 | D:5      | Killed an ogre
   581 | D:5      | Reached XP level 6. HP: 57/57 MP: 6/6
   590 | D:5      | Killed a sky beast
   590 | D:5      | Reached skill level 6 in Axes
   631 | D:5      | Noticed a wight
   661 | D:5      | Killed a wight
   757 | D:5      | Found a glowing silver altar of Zin.
   782 | D:5      | Found a snail-covered altar of Cheibriados.
   782 | D:5      | Found a radiant altar of Vehumet.
   806 | D:6      | Found a staircase to the Ecumenical Temple.
   815 | D:6      | Reached XP level 7. HP: 60/64 MP: 7/7
   900 | D:7      | Noticed a deep elf mage
   907 | D:7      | Reached skill level 7 in Axes
   908 | D:7      | Killed a deep elf mage
   908 | D:7      | Reached skill level 5 in Armour
   949 | D:8      | Noticed Pikel
   959 | D:8      | Killed Pikel
   959 | D:8      | Reached skill level 5 in Fighting
   959 | D:8      | Reached skill level 8 in Axes
   959 | D:8      | Reached XP level 8. HP: 75/75 MP: 8/8
  1023 | D:8      | Reached skill level 9 in Axes
  1124 | D:9      | Gained mutation: You have sharp fingernails. [mutagenic meat]
  1125 | D:9      | Gained mutation: Your body sometimes deteriorates upon taking damage. [mutagenic meat]
  1127 | D:9      | Gained mutation: You possess an exceptional clarity of mind. [mutagenic meat]
  1202 | D:9      | Noticed a slime creature
  1223 | D:9      | Killed a slime creature
  1223 | D:9      | Gained mutation: You passively map the area around you. [Deep Dwarf growth]
  1223 | D:9      | Reached XP level 9. HP: 78/82 MP: 9/9
  1245 | D:9      | Reached skill level 10 in Axes
  1294 | D:9      | Found Dazxoum's Gadget Shop.
  1318 | D:10     | Entered Level 10 of the Dungeon
  1344 | D:10     | Reached skill level 1 in Evocations
  1518 | D:12     | Noticed a tengu warrior
  1520 | D:12     | Noticed a tengu warrior
  1521 | D:12     | Noticed a gargoyle
  1537 | D:11     | Killed a tengu warrior
  1586 | D:12     | Killed a tengu warrior
  1586 | D:12     | Reached skill level 11 in Axes
  1586 | D:12     | Reached XP level 10. HP: 92/92 MP: 11/13
  1594 | D:12     | Killed a gargoyle
  1717 | D:12     | Noticed a cyclops
  1740 | D:12     | Killed a cyclops
  1740 | D:12     | Reached skill level 5 in Evocations
  1785 | D:13     | Noticed an orc knight
  1810 | D:13     | Noticed a manticore
  1810 | D:13     | Noticed a cyclops
  1832 | D:13     | Killed a manticore
  1832 | D:13     | Reached skill level 12 in Axes
  1841 | D:13     | Killed a cyclops
  1895 | D:13     | Noticed a seven-headed hydra
  1944 | D:12     | Noticed a centaur skeleton
  1953 | D:12     | Killed a centaur skeleton
  1972 | D:11     | Noticed a green ugly thing
  1974 | D:11     | Noticed a six-headed hydra
  1987 | D:12     | Killed a green ugly thing
  1997 | D:12     | Gained mutation: You are resistant to hostile enchantments. [mutagenic meat]
  1998 | D:12     | Gained mutation: Your body often deteriorates upon taking damage. [mutagenic meat]
  2002 | D:12     | Gained mutation: You tend to lose your temper in combat. [mutagenic meat]
  2003 | D:12     | Gained mutation: You often lose your temper in combat. [mutagenic meat]
  2103 | D:12     | Killed an unseen horror
  2103 | D:12     | Reached XP level 11. HP: 33/103 MP: 16/16
  2243 | D:12     | Noticed a centaur zombie
  2256 | D:12     | Killed a centaur zombie
  2326 | D:12     | Noticed an ice dragon
  2403 | D:12     | Killed an ice dragon
  2403 | D:12     | Reached skill level 13 in Axes
  2424 | D:12     | (
  2457 | D:12     | Found a deep blue altar of Sif Muna.
  2645 | D:10     | Found a sacrificial altar of Ru.
  2849 | D:10     | Found a staircase to the Orcish Mines.
  2934 | Orc:1    | Entered Level 1 of the Orcish Mines
  2934 | Orc:1    | Noticed Erolcha
  2945 | Orc:1    | Killed Erolcha
  2945 | Orc:1    | Reached skill level 10 in Armour
  2951 | Orc:1    | Reached *** piety under Trog
  3024 | Orc:1    | You fall through a shaft!
  3024 | Orc:2    | Noticed Sonja
  3025 | Orc:2    | :(
  3030 | Orc:3    | Found Vuaqaidgh's Distillery.
  3042 | Orc:3    | Bought a potion of cure mutation for 455 gold pieces
  3042 | Orc:3    | Bought a potion of heal wounds for 65 gold pieces
  3042 | Orc:3    | Bought a potion of degeneration for 13 gold pieces
  3042 | Orc:3    | Lost mutation: Your body often deteriorates upon taking damage. [potion of cure mutation]
  3042 | Orc:3    | Lost mutation: You have sharp fingernails. [potion of cure mutation]
  3042 | Orc:3    | Lost mutation: You possess an exceptional clarity of mind. [potion of cure mutation]
  3042 | Orc:3    | Lost mutation: Your body sometimes deteriorates upon taking damage. [potion of cure mutation]
  3042 | Orc:3    | Lost mutation: You often lose your temper in combat. [potion of cure mutation]
  3043 | Orc:3    | :(
  3098 | Orc:2    | Noticed Nergalle
  3113 | Orc:2    | Killed Nergalle
  3148 | Orc:4    | Entered Level 4 of the Orcish Mines
  3179 | Orc:4    | Found a shimmering altar of Xom.
  3234 | Orc:4    | Found Maimpuarch's Antique Weapon Shop.
  3241 | Orc:4    | miracle?
  3315 | Orc:4    | Bought a brightly glowing hand axe for 208 gold pieces
  3315 | Orc:4    | Identified the +7 hand axe "Joxaneid" {chop, rC+ rN++ Dex+3} (You bought it in a shop on level 4 of the Orcish Mines)
  3316 | Orc:4    | no?
  3351 | Orc:4    | Noticed an orc high priest
  3359 | Orc:4    | Killed an orc high priest
  3365 | Orc:4    | Noticed a soul eater
  3407 | Orc:3    | Reached **** piety under Trog
  3519 | Orc:4    | Reached skill level 14 in Axes
  3548 | Orc:4    | Found Vuppib's Antique Weapon Emporium.
  3548 | Orc:4    | Found Ricvarha's Armour Shoppe.
  3548 | Orc:4    | Found Ceorr's Gadget Shoppe.
  3551 | Orc:4    | Found Fapiud's Book Emporium.
  3557 | Orc:4    | Reached XP level 12. HP: 94/112 MP: 18/18
  3583 | Orc:4    | RIP
  3583 | Orc:4    | was good char
  3762 | Orc:2    | Killed Sonja
  3893 | Orc:2    | Reached ***** piety under Trog
  4000 | D:11     | Received a gift from Trog
  4015 | D:11     | thx
  4073 | D:11     | Found a staircase to the Lair.
  4098 | Lair:1   | Entered Level 1 of the Lair of Beasts
  4455 | Lair:4   | Reached skill level 10 in Evocations
  4540 | Lair:5   | Got an ancient great mace
  4630 | Lair:6   | Identified the +3 great mace of Dotamini {crush, +Inv rF+ rC-} (You found it on level 5 of the Lair of Beasts)
  4667 | Lair:6   | Reached skill level 15 in Axes
  4750 | Lair:6   | Received a gift from Trog
  4754 | Lair:6   | nice
  4772 | Lair:8   | Entered Level 8 of the Lair of Beasts
  4868 | Lair:8   | Noticed an eight-headed hydra
  4882 | Lair:8   | Killed a 16-headed hydra
  4907 | Lair:8   | HP: 3/116 [poisoned by a spiny frog]
  4982 | Lair:8   | Quit the game

Vault maps used:
D:1:      minmay_arrival_four_loops
D:2:      ecumenical_altar_1
D:3:      first_bread
D:4:      ashenzari_altar_1, serial_shops, shop_fountains
D:5:      gammafunk_temple_overflow_forgotten, grunt_temple_overflow_diamond,
          due_unseen_surprise
D:6:      minmay_temple_entry_statues_fountains, uniq_duvessa
D:7:      uniq_menkaure
D:8:      uniq_pikel, uniq_maurice, uniq_erica
D:9:      lemuel_slime, serial_shops, nicolae_shop_behind_doors
D:10:     kennysheep_orc_monster_closet_entryway, the_bakery,
          nicolae_ru_awakened_eye
D:11:     erik_lair_island, hangedman_abyss_or_decor_lesser_grid,
          kennysheep_another_room
D:12:     dragon1_lemuel, basic_altar
D:13:     grunt_vaults_entry_fortified, kennysheep_boxes, uniq_snorg
Lair:1:   gammafunk_lair_bear_cave, disabler_island
Lair:2:   beast_lair_carwin_large_1, hangedman_lair_generics_rect
Lair:3:   uniq_rupert
Lair:5:   elwin_shoals_entry_stream, serial_bayou_pond_e, serial_bayou_shore_a
Lair:6:   minmay_snake_entry_guardpost_medium, minmay_stone_trees_small,
          nicolae_quartered_pool_medium, beast_lair_carwin_3
Lair:7:   boulder_quad_collide, nicolae_slime_entry_slimehenge
Lair:8:   hangedman_lair_caniforms_friends, hangedman_lair_tendril_chambers,
          serial_bayou_pond_a, wad_woods_antlair
Orc:1:    uniq_erolcha
Orc:2:    uniq_sonja, uniq_nergalle
Orc:3:    serial_shops, shop, nicolae_orc_pool_cavern
Orc:4:    st_orc_mages, serial_shops, nicolae_shop_overgrown_old_shop,
          basic_altar

Action                   |  1- 3 |  4- 6 |  7- 9 | 10-12 || total
-------------------------+-------+-------+-------+-------++-------
Melee: Hand axe          |    62 |    45 |       |   415 ||   522
       War axe           |       |     7 |   143 |   220 ||   370
       Battleaxe         |       |       |       |   113 ||   113
Invok: Berserk           |     1 |     5 |    10 |    24 ||    40
       Trog's Hand       |       |     4 |     9 |    41 ||    54
Evoke: Wand              |       |     2 |       |    16 ||    18
       Phantom mirror    |       |       |       |     1 ||     1
  Use: Scroll            |     1 |       |     8 |    10 ||    19
       Potion            |       |     4 |       |     4 ||     8
 Stab: Sleeping          |       |     2 |       |       ||     2
       Confused          |       |       |       |     5 ||     5
       Paralysed         |       |       |       |    12 ||    12
  Eat: Chunk             |       |    13 |    22 |    72 ||   107
